 Dungeon Crawl Stone Soup version 0.16-a0-77-g708f960 (webtiles) character file.

1089 Qrupt the Twirler (level 8, -11/56 HPs)
             Began as a Human Wanderer on Aug 8, 2014.
             Was an Initiate of Dithmenos.
             Mangled by an orc warrior
             ... wielding a +0 mace
              (18 damage)
             ... on Level 6 of the Dungeon.
             The game lasted 00:20:09 (6514 turns).

Qrupt the Twirler (Human Wanderer)                  Turns: 6514, Time: 00:20:09

HP -11/56        AC  3     Str 14      XL: 8   Next: 56%
MP   2/11        EV 15     Int  8      God: Dithmenos [......]
Gold 149         SH  0     Dex 18      Spells:  3 memorised,  5 levels left

rFire  . . .     SeeInvis +     b - +0 quarterstaff
rCold  . . .     Clarity  .     y - +0 robe
rNeg   . . .     rCorr    .     (no shield)
rPois  .         rRot     .     (no helmet)
rElec  .         Spirit   .     (no cloak)
SustAb .         Warding  .     (no gloves)
rMut   .         Stasis   .     i - +0 pair of boots
Gourm  .                        (no amulet)
MR     .....                    (no ring)
                                x - ring of see invisible

@: very slightly contaminated, not resistant to hostile enchantments, unstealthy
A: no striking features
a: Renounce Religion


You were on level 6 of the Dungeon.
You worshipped Dithmenos.
Dithmenos was noncommittal.
You were very hungry.

You visited 2 branches of the dungeon, and saw 7 of its levels.

You collected 149 gold pieces.

Inventory:

Hand weapons
 b - a +0 quarterstaff (weapon)
Armour
 i - a +0 pair of boots (worn)
 y - a +0 robe (worn)
Magical devices
 p - a wand of enslavement (18)
 w - a wand of hasting (4)
Comestibles
 f - 7 bread rations
 g - 2 meat rations
 q - a beef jerky
 r - 4 fruits
Scrolls
 c - a scroll of enchant armour {unknown}
 d - a scroll of fog {unknown}
 j - a scroll of amnesia {unknown}
 k - 3 scrolls of noise {unknown}
 o - 3 scrolls of fear
 s - 2 scrolls of teleportation {unknown}
 t - 5 scrolls of remove curse {unknown}
Jewellery
 x - a ring of see invisible (left hand)
Potions
 e - a potion of heal wounds
 h - 3 potions of curing
 m - 2 potions of brilliance
 v - a potion of porridge
 z - 2 potions of confusion
 B - 2 potions of mutation
Books
 a - a book of Minor Magic

   Spells                             Type                      Level
   *Magic Dart                        Conjuration                  1
   *Blink                             Translocation                2
   Call Imp                           Summoning                    2
   *Repel Missiles                    Charms/Air                   2
   Slow                               Hexes                        2
   Conjure Flame                      Conjuration/Fire             3
   Mephitic Cloud                     Conjuration/Poison/Air       3


   Skills:
 - Level 2.0 Fighting
 + Level 6.2 Staves
 - Level 4.2 Dodging
 - Level 2.0 Stealth
 - Level 1.6 Spellcasting
 - Level 4.6 Conjurations
 - Level 3.5 Translocations
 - Level 1.0 Evocations


You had 5 spell levels left.
You knew the following spells:

 Your Spells              Type           Power        Failure   Level  Hunger
a - Magic Dart            Conj           #...         6%          1    ##.....
b - Blink                 Tloc           N/A          17%         2    ###....
c - Repel Missiles        Chrm/Air       #.....       69%         2    ###....


Dungeon Overview and Level Annotations

Branches:
Dungeon (6/15)             Temple (1/1) D:4

Altars:
Ashenzari
Cheibriados
Dithmenos
Fedhas
Kikubaaqudgha
Makhleb
Nemelex Xobeh
Okawaru
Sif Muna
Trog
Vehumet
Yredelemnul
Zin
The Shining One

Annotations:
D:3 Sigmund


Message History

You hit the orc warrior.
The orc warrior is almost dead.
The orc warrior hits you with a mace!
* * * LOW HITPOINT WARNING * * *
You are too injured to fight recklessly!
You are too injured to fight recklessly!
You are too injured to fight recklessly!
You are too injured to fight recklessly!
You are too injured to fight recklessly!
You are too injured to fight recklessly!
You are too injured to fight recklessly!
You are too injured to fight recklessly!
You are too injured to fight recklessly!
You are too injured to fight recklessly!
You are too injured to fight recklessly!
You are too injured to fight recklessly!
You closely miss the orc warrior.
The orc warrior is almost dead.
The orc warrior hits you with a mace!!
You die...

####.....# #.......#
#.....##.####.......#
..........).......>.#
#.....##.###........#
####.###.# #........#
.....# #.# ###...8.[#
###..# #.# #......# #
#..# #.# #..o...# #
#..# #.# #..@#### # .
#.#####.### #
#.......# #
.......####.# # ...?.
#.# # o... ##.#######
# .o. #[.......# .
#........#
.o......[.....#


You could see an orc warrior.

Vanquished Creatures
  Edmund (D:5)
  An ogre (D:4)
  A sky beast (D:5)
  An ice beast (D:5)
  Duvessa (D:5)
  A scorpion (D:6)
  3 hounds
  Dowan (D:5)
  A crimson imp (D:5)
  6 worker ants (D:4)
  2 orc wizards (D:4)
  An iguana (D:4)
  Jessica (D:3)
  4 adders
  2 orc skeletons
  2 worms
  A giant mite (D:4)
  2 giant geckos
  9 orcs
  6 giant cockroaches
  12 hobgoblins
  8 jackals
  12 kobolds
  2 quokkas
  3 ball pythons
  5 bats
  2 giant gecko skeletons
  4 giant newts
  12 goblins
  11 rats
118 creatures vanquished.

Notes
Turn   | Place    | Note
--------------------------------------------------------------
     0 | D:1      | Qrupt, the Human Wanderer, began the quest for the Orb.
     0 | D:1      | Reached XP level 1. HP: 16/16 MP: 2/2
   169 | D:1      | Reached XP level 2. HP: 22/22 MP: 3/3
   506 | D:1      | Reached XP level 3. HP: 9/27 MP: 5/5
   853 | D:1      | Learned a level 1 spell: Magic Dart
   856 | D:1      | Learned a level 2 spell: Blink
   859 | D:1      | Learned a level 2 spell: Repel Missiles
   876 | D:2      | Reached skill level 3 in Staves
  1564 | D:3      | Reached XP level 4. HP: 20/33 MP: 6/6
  1700 | D:3      | Noticed Jessica
  1713 | D:3      | Killed Jessica
  1779 | D:3      | Noticed Sigmund
  2063 | D:4      | Noticed an ogre
  2077 | D:4      | Killed an ogre
  2077 | D:4      | Reached skill level 4 in Conjurations
  2077 | D:4      | Reached XP level 5. HP: 14/38 MP: 0/7
  2361 | D:4      | Reached skill level 1 in Translocations
  2361 | D:4      | Reached XP level 6. HP: 18/44 MP: 5/9
  3467 | D:4      | Reached XP level 7. HP: 42/50 MP: 10/10
  3474 | D:4      | Found a basalt altar of Yredelemnul.
  3582 | D:4      | Reached skill level 1 in Dodging
  4030 | D:4      | Found a glowing golden altar of the Shining One.
  4199 | D:4      | Found a staircase to the Ecumenical Temple.
  4239 | Temple   | Entered the Ecumenical Temple
  4434 | Temple   | Became a worshipper of Dithmenos the Shadowed
  4461 | D:5      | Entered Level 5 of the Dungeon
  4607 | D:5      | Noticed Duvessa
  4639 | D:5      | Noticed Dowan
  4640 | D:5      | Killed Duvessa
  5024 | D:5      | Killed Dowan
  5534 | D:5      | Found an iron altar of Okawaru.
  5535 | D:5      | Noticed Edmund
  5837 | D:5      | Killed Edmund
  5837 | D:5      | Reached XP level 8. HP: 56/56 MP: 5/11
  5929 | D:5      | Reached skill level 5 in Staves
  6267 | D:6      | Reached skill level 6 in Staves
  6514 | D:6      | Mangled by an orc warrior

Action                   |  1- 3 |  4- 6 |  7- 9 || total
-------------------------+-------+-------+-------++-------
Melee: Quarterstaff      |   120 |   104 |   197 ||   421
 Cast: Magic Dart        |     2 |    58 |   102 ||   162
       Blink             |       |       |     8 ||     8
Evoke: Wand              |       |       |     6 ||     6
  Use: Potion            |     1 |     2 |     2 ||     5
       Scroll            |       |       |     6 ||     6
 Stab: Sleeping          |     1 |     1 |     3 ||     5
       Distracted        |       |     2 |       ||     2
       Invisible         |       |       |     6 ||     6
  Eat: Chunk             |     1 |    10 |    11 ||    22
       Fruit             |       |       |     3 ||     3
